 Dungeon Crawl Stone Soup version 0.25-a0-99-gfcdb843 (webtiles) character file.

Game seed: 5454133139911065700, levelgen mode: deterministic

13884 Poncheis the Whirler (level 12, 0/80 HPs)
             Began as a Halfling Hunter on Nov 13, 2019.
             Was a High Priest of Okawaru.
             Splashed by an oklob plant's acid (10 damage)
             ... on level 1 of the Lair of Beasts.
             The game lasted 00:31:43 (13652 turns).

Poncheis the Whirler (Halfling Hunter)             Turns: 13652, Time: 00:31:44

Health: 0/80       AC:  7    Str: 13    XL:     12   Next: 38%
Magic:  26/26      EV: 13    Int:  9    God:    Okawaru [*****.]
Gold:   690        SH:  0    Dex: 19    Spells: 11/11 levels left

rFire    + . .     SeeInvis .   a - +2 hunting sling
rCold    + . .     Gourm    .   (shield restricted)
rNeg     . . .     Faith    .   p - +2 chain mail {rPois}
rPois    +         Spirit   .   k - +2 helmet
rElec    .         Reflect  .   (no cloak)
rCorr    .         Harm     .   s - +2 pair of gloves
MR       .....                  (no boots)
Stlth    ..........             (no amulet)
HPRegen  0.23/turn              y - ring "Rucheph" {rF+ MP+9 Str-4 Dex+3 Slay+2}
MPRegen  0.20/turn              A - ring of protection from cold

@: corroded
A: small, mutation resistance 1
a: Heroism, Finesse, Renounce Religion


You were on level 1 of the Lair of Beasts.
You worshipped Okawaru.
Okawaru was extremely pleased with you.
You were very hungry.

You visited 3 branches of the dungeon, and saw 14 of its levels.
You also visited: Ossuary.

You collected 792 gold pieces.
You spent 102 gold pieces at shops.


Innate Abilities, Weirdness & Mutations

You are small and have problems with some larger weapons.
You are somewhat resistant to further mutation.


   Skills:
 + Level 6.7 Fighting
 + Level 16.0 Slings
 + Level 7.7 Armour
 + Level 8.2 Dodging
 - Level 1.1 Stealth
 + Level 6.8 Invocations
 + Level 7.1 Evocations


You had 11 spell levels left.
You didn't know any spells.
Your spell library contained the following spells:

 Spells                   Type           Power        Failure   Level  Hunger
 Animate Skeleton         Necr           N/A          100%        1    ##.....
 Apportation              Tloc           #.....       100%        1    ##.....
 Beastly Appendage        Tmut           #.....       100%        1    ##.....
 Confusing Touch          Hex            #.....       100%        1    ##.....
 Corona                   Hex            #......      100%        1    ##.....
 Flame Tongue             Conj/Fire      #....        100%        1    ##.....
 Summon Small Mammal      Summ           #...         100%        1    ##.....
 Ensorcelled Hibernation  Hex/Ice        #.....       100%        2    ###....
 Sticks to Snakes         Tmut           #.......     100%        2    ###....
 Throw Flame              Conj/Fire      #.....       100%        2    ###....
 Confuse                  Hex            #.......     100%        3    ####...
 Conjure Flame            Conj/Fire      #.......     100%        3    ####...
 Dazzling Spray           Conj/Hex       #.....       100%        3    ####...
 Inner Flame              Hex/Fire       #.......     100%        3    ####...
 Spider Form              Tmut/Pois      #.........   100%        3    ####...
 Tukima's Dance           Hex            #.......     100%        3    ####...
 Ice Form                 Ice/Tmut       #.......     100%        4    #####..
 Sticky Flame             Conj/Fire      #.......     100%        4    #####..
 Blade Hands              Tmut           #.........   100%        5    ######.
 Fireball                 Conj/Fire      #.........   100%        5    ######.

Inventory:

Hand Weapons
 a - a +2 hunting sling (weapon)
Missiles
 e - 217 stones
 i - 8 datura-tipped darts
 n - 61 sling bullets (quivered)
 x - 8 curare-tipped darts
 C - a throwing net
Armour
 k - a +2 helmet (worn)
 p - a +2 chain mail of poison resistance (worn)
 s - a +2 pair of gloves (worn)
Jewellery
 y - the ring "Rucheph" (left hand) {rF+ MP+9 Str-4 Dex+3 Slay+2}
   (You found it on level 6 of the Dungeon)

   [ring of magical power]

   It affects your strength (-4).
   It affects your dexterity (+3).
   It affects your accuracy and damage with ranged weapons and melee attacks
   (+2).
   It protects you from fire.
   It affects your magic capacity (+9).
 A - a ring of protection from cold (right hand)
 B - an uncursed ring of see invisible
Wands
 b - a wand of acid (4)
 c - a wand of polymorph (5)
 w - a wand of flame (16)
 M - a wand of scattershot (3)
Scrolls
 h - 2 scrolls of blinking
 j - 5 scrolls of teleportation
 m - 5 scrolls of remove curse
 q - a scroll of amnesia
 D - 3 scrolls of enchant weapon
 G - a scroll of magic mapping
 I - a scroll of identify
 L - 2 scrolls of enchant armour
Potions
 d - 2 potions of brilliance
 g - a potion of haste
 l - a potion of lignification {!q}
 o - a potion of agility
 t - a potion of flight
 u - a potion of magic
 v - 3 potions of curing
 z - a potion of berserk rage {!q}
 E - 2 potions of ambrosia
 F - a potion of cancellation
Comestibles
 f - 20 rations


Message History

Press: ? - help, Shift-Dir - straight line, f/p - oklob plant
Aim: an oklob plant (almost destroyed)
You shoot a sling bullet.
The sling bullet hits the oklob plant but does no damage.
The oklob plant is almost destroyed.
Press: ? - help, v - describe, . - travel, g - get item
Here: an oklob plant (almost destroyed) 37 sling bullets.
The floor.
Firing (i - inventory. (/) - cycle)
n - 62 sling bullets (quivered)
Press: ? - help, Shift-Dir - straight line, f/p - oklob plant
Aim: an oklob plant (almost destroyed)
You shoot a sling bullet.
The sling bullet hits the oklob plant but does no damage.
The oklob plant is almost destroyed.
The oklob plant spits acid at you. The splash of acid hits you!
* * * LOW HITPOINT WARNING * * *
You are splashed with acid!
You die... ###.####..# #.........# ####### #.#######.# #PPPP.P

##..# ####.# #~~~~~~
#..####...#. #~....~
##.###...### #......
#P.#....#^#. .......###
#..........# ......(@.#
##..###.#.#.#
.......#.###...##..###..
#......#..##....#.......
#~....~#.###...........#
#~~~~~~#........)<.###.#
#PPPPPP#.####..##..P##.#
########.# #P..###..##.#
#.####...........
#.#............##


You could see an oklob plant.

Vanquished Creatures
  A hydra (D:10)
  A shambling mangrove (Lair:1)
  A two-headed ogre (D:11)
  Nergalle (Lair:1)
  Pikel (D:8)
  A troll (D:10)
  3 hornets (Lair:1)
  5 hippogriffs
  7 yaks
  A wyvern (D:11)
  A basilisk (Lair:1)
  2 hungry ghosts
  Menkaure (D:4)
  A water moccasin (Lair:1)
  5 porcupines
  Duvessa (D:4)
  A hornet zombie (D:6)
  3 orc warriors
  3 ice beasts
  3 necrophages
  3 slaves (D:8)
  3 black bears (D:9)
  9 ogres
  3 centaurs
  5 crocodiles
  An elf zombie (Ossuary)
  9 bullfrogs
  Dowan (D:4)
  2 scorpions
  13 wights
  14 killer bees
  7 howler monkeys
  4 electric eels (D:9)
  3 crimson imps
  A quasit (D:8)
  4 centaur skeletons
  2 centaur zombies
  5 jellies
  5 orc priests
  7 orc wizards
  2 hounds
  3 bullfrog skeletons
  2 iguanas
  8 worker ants
  Terence (D:2)
  3 big kobold zombies (Ossuary)
  2 hound skeletons
  2 mummies (Ossuary)
  Robin (D:2)
  4 gnolls (D:5)
  13 adders
  2 shadow imps
  2 worms
  6 leopard geckos
  27 orcs
  A ball python (D:3)
  4 giant cockroaches
  12 goblins
  9 hobgoblins
  4 jackals (D:3)
  6 quokkas
  13 bats
  6 frilled lizards
  A gnoll zombie (Ossuary)
  2 goblin zombies (Ossuary)
  5 hobgoblin zombies (Ossuary)
  A jackal skeleton (D:6)
  6 kobolds
  An orc zombie (Ossuary)
  A quokka skeleton (D:7)
  5 rats
299 creatures vanquished.

Notes
Turn   | Place    | Note
-------+----------+-------------------------------------------
     0 | D:1      | Poncheis the Halfling Hunter began the quest for the Orb.
     0 | D:1      | Reached XP level 1. HP: 14/14 MP: 1/1
    15 | D:1      | Reached skill level 6 in Slings
   246 | D:1      | Reached XP level 2. HP: 19/19 MP: 2/2
  1056 | D:2      | Found a faded altar of an unknown god.
  1072 | D:2      | Reached skill level 7 in Slings
  1072 | D:2      | Reached XP level 3. HP: 24/24 MP: 3/3
  1184 | D:2      | Noticed Robin
  1202 | D:2      | Killed Robin
  1202 | D:2      | Reached XP level 4. HP: 23/29 MP: 4/4
  1219 | D:2      | Reached skill level 8 in Slings
  1434 | D:2      | Found a bloodstained altar of Trog.
  1435 | D:2      | Found a radiant altar of Vehumet.
  1515 | D:2      | Found a snail-covered altar of Cheibriados.
  1626 | D:2      | Noticed Terence
  1646 | D:2      | Killed Terence
  1646 | D:2      | Reached XP level 5. HP: 24/34 MP: 5/5
  1946 | D:3      | Reached skill level 9 in Slings
  2042 | D:3      | Found a glowing golden altar of the Shining One.
  2293 | D:3      | Reached XP level 6. HP: 39/39 MP: 6/6
  2525 | D:3      | Found a glowing golden altar of the Shining One.
  2592 | D:4      | Noticed Menkaure
  2599 | D:4      | Noticed an ogre
  2602 | D:4      | Killed Menkaure
  2602 | D:4      | Reached skill level 10 in Slings
  2609 | D:4      | Killed an ogre
  2609 | D:4      | Reached skill level 11 in Slings
  2609 | D:4      | Reached XP level 7. HP: 44/44 MP: 7/7
  2670 | D:4      | Noticed Duvessa
  2671 | D:4      | Noticed Dowan
  2765 | D:4      | Noticed drugrobin's ghost (amateur DgWr)
  2775 | D:5      | Entered Level 5 of the Dungeon
  3093 | D:4      | Killed Duvessa
  3093 | D:4      | Reached skill level 12 in Slings
  3124 | D:4      | Killed Dowan
  3238 | D:4      | Reached XP level 8. HP: 48/49 MP: 8/8
  3270 | D:4      | Found a shattered altar of Ashenzari.
  3388 | D:4      | Found Tuitt's Assorted Antiques.
  3393 | D:4      | Bought a scroll labeled HUG PIENIN for 34 gold pieces
  3393 | D:4      | Bought a scroll of identify for 68 gold pieces
  3452 | D:4      | Found a runed translucent gate.
  3452 | D:4      | Found a runed translucent gate.
  3452 | D:4      | Found a runed translucent gate.
  3713 | D:4      | Reached skill level 13 in Slings
  3954 | D:5      | Found an opulent altar of Gozag.
  4124 | D:5      | Reached skill level 14 in Slings
  4476 | D:6      | Found a staircase to the Ecumenical Temple.
  4491 | Temple   | Entered the Ecumenical Temple
  4543 | Temple   | Became a worshipper of Warmaster Okawaru
  4608 | D:6      | Reached skill level 1 in Armour
  4663 | D:6      | Reached skill level 1 in Evocations
  4703 | D:6      | Got a slimy jade ring
  4708 | D:6      | Identified the ring "Rucheph" {rF+ MP+9 Str-4 Dex+3 Slay+2}
                  | (You found it on level 6 of the Dungeon)
  4988 | D:6      | Reached skill level 3 in Dodging
  4988 | D:6      | Reached XP level 9. HP: 39/55 MP: 10/10
  5049 | D:6      | Found a sparkling altar of Nemelex Xobeh.
  5209 | D:7      | HP: 11/55 [killer bee (7)]
  5211 | D:7      | Reached skill level 3 in Fighting
  5212 | D:7      | Reached * piety under Okawaru
  5355 | D:7      | Found a sand-covered staircase.
  5360 | Ossuary  | Entered an ossuary
  5491 | Ossuary  | Reached skill level 3 in Armour
  5780 | D:7      | Reached skill level 3 in Evocations
  6000 | D:7      | Reached skill level 1 in Invocations
  6339 | D:7      | Reached ** piety under Okawaru
  6498 | D:8      | Noticed Psyche
  6499 | D:8      | Noticed Psyche
  6499 | D:8      | Psyche changed into Psyche the crocodile
  6513 | D:8      | Killed Psyche the crocodile
  6639 | D:8      | Noticed Pikel
  6672 | D:8      | Killed Pikel
  6672 | D:8      | Reached XP level 10. HP: 49/64 MP: 13/13
  6776 | D:8      | Reached *** piety under Okawaru
  6796 | D:8      | Reached skill level 3 in Invocations
  6883 | D:8      | Received a gift from Okawaru
  7206 | D:8      | Found a runed translucent gate.
  7206 | D:8      | Found a runed translucent gate.
  7207 | D:8      | Found a runed translucent gate.
  7210 | D:8      | Noticed pigah's ghost (novice DrWn)
  7547 | D:9      | Reached skill level 6 in Dodging
  7836 | D:9      | Received a gift from Okawaru
  8136 | D:9      | Found a staircase to the Lair.
  8146 | D:9      | Reached XP level 11. HP: 44/72 MP: 14/14
  8407 | D:9      | Reached skill level 15 in Slings
  8524 | Lair:1   | Entered Level 1 of the Lair of Beasts
  8555 | Lair:1   | Reached **** piety under Okawaru
  8771 | Lair:1   | Reached skill level 6 in Armour
  8962 | Lair:1   | Noticed Nergalle
  8982 | Lair:1   | Killed Nergalle
  8982 | Lair:1   | Received a gift from Okawaru
  9328 | Lair:1   | Noticed an oklob plant
  9328 | Lair:1   | Noticed an oklob plant
  9646 | Lair:1   | Noticed a shambling mangrove
  9646 | Lair:1   | an oklob plant changed into a shambling mangrove
  9762 | Lair:1   | Paralysed by a hornet for 2 turns
  9764 | Lair:1   | HP: 10/72 [hornet[a shambling mangrove] (10)]
  9782 | Lair:1   | Killed a shambling mangrove
  9782 | Lair:1   | Reached skill level 6 in Evocations
 10826 | D:9      | Received a gift from Okawaru
 10989 | D:9      | Reached skill level 6 in Fighting
 11186 | D:7      | Found a shimmering blue altar of Sif Muna.
 11266 | D:10     | Entered Level 10 of the Dungeon
 11410 | D:10     | Found a transporter.
 11413 | D:10     | Found a transporter.
 11414 | D:10     | Noticed Floofyboi318's ghost (journeyman DsGl)
 11863 | D:10     | Reached skill level 6 in Invocations
 12373 | D:11     | Noticed a five-headed hydra
 12407 | D:10     | Killed a five-headed hydra
 12407 | D:10     | Received a gift from Okawaru
 12407 | D:10     | Reached XP level 12. HP: 54/80 MP: 16/16
 12442 | D:11     | Reached ***** piety under Okawaru
 12788 | D:11     | Noticed a two-headed ogre
 13057 | D:11     | Killed a two-headed ogre
 13170 | D:11     | Reached skill level 16 in Slings
 13549 | D:12     | Noticed a two-headed ogre
 13652 | Lair:1   | HP: 10/80 [oklob plant/splash of acid (14)]
 13652 | Lair:1   | Splashed by an oklob plant's acid

Levels and vault maps discovered:
D:1:      dpeg_arrival_rooms_b, layout_basic, minivault_25
D:2:      layout_loops_ring, marbit_many_paths, gammafunk_temple_overflow_pools,
          chequers_ecumenical_altar_simple_redux, uniq_robin, uniq_terence
D:3:      layout_loops_ring, overflow_temple_1_default, tso_altar
D:4:      layout_basic, lemuel_crystal_altar, gammafunk_ghost_icy, serial_shops,
          kennysheep_little_box, serial_bayou_crossing, uniq_duvessa,
          uniq_menkaure
D:5:      layout_loops_ring, grunt_gozag_statues, first_ration,
          hangedman_abyss_or_decor_stagger
D:6:      layout_basic, nemelex_altar_shiori, minmay_temple_entry_mini_moons
D:7:      layout_loops_ring, nicolae_overflow_hidden_temple,
          nicolae_ossuary_entry_plus
D:8:      layout_loops_ring, gammafunk_ghost_spectres, uniq_psyche, uniq_pikel
D:9:      layout_basic, grunt_lair_entry_orc_guard_hut, kennysheep_boxes
D:10:     layout_grid_maze, gammafunk_ghost_hive
D:11:     layout_rooms
D:12:     layout_loops_ring, erik_orc_4, uniq_nessos, uniq_snorg
Temple:   eino_temple_lava
Lair:1:   dpeg_oklob_gauntlet, layout_loops_ring, uniq_nergalle

Action                   |  1- 3 |  4- 6 |  7- 9 | 10-12 || total
-------------------------+-------+-------+-------+-------++-------
 Fire: Hunting sling     |    88 |   185 |   599 |   917 ||  1789
Throw: Dart              |       |       |     2 |       ||     2
Invok: Heroism           |       |       |       |     8 ||     8
Evoke: Wand              |       |       |     5 |     4 ||     9
  Use: Scroll            |       |     4 |     5 |    16 ||    25
       Potion            |       |       |     1 |     4 ||     5
  Eat: Chunk             |     1 |     4 |     8 |    17 ||    30
       Ration            |       |       |     1 |     1 ||     2
Armor: Leather armour    |     2 |       |       |       ||     2
       Chain mail        |     9 |    33 |   107 |   149 ||   298
       Ring mail         |     1 |       |       |       ||     1
Dodge: Dodged            |    19 |    13 |    94 |   178 ||   304
